 Dungeon Crawl Stone Soup version 0.31-a0-846-gb3bcc0d938 (webtiles) character file.

Game seed: 3403273606224344034

98994 DocEon the Sorcerer (level 15, -3/82 HPs)
             Began as a Deep Elf Conjurer on Oct 3, 2023.
             Was a High Priest of Vehumet.
             Engulfed by a cloud of freezing vapour (13 damage)
             ... on level 14 of the Dungeon.
             The game lasted 00:51:27 (31059 turns).

DocEon the Sorcerer (Deep Elf Conjurer)            Turns: 31059, Time: 00:51:27

Health: -3/82      AC: 16    Str:  4    XL:     15   Next: 76%
Magic:  16/43      EV: 17    Int: 31    God:    Vehumet [*****.]
Gold:   846        SH:  0    Dex: 13    Spells: 10/58 levels left

rFire   + . .        C - +9 staff of Olgreb {rPois∞}
rCold   . . .        (no shield)
rNeg    . . .        I - +0 steam dragon scales
rPois   ∞            t - +0 helmet
rElec   .            X - +0 cloak {Stlth+}
rCorr   .            h - +0 pair of gloves
SInv    .            (no boots)
Will    ++...        c - amulet of regeneration
Stlth   +++          y - ring of protection from fire
HPRegen 1.13/turn    O - ring of the Tortoise {AC+8}
MPRegen 0.28/turn

%: no passive effects
@: enlightened, flying
A: no striking features
a: Renounce Religion, Evoke the Staff of Olgreb


You were on level 14 of the Dungeon.
You worshipped Vehumet.
Vehumet was extremely pleased with you.
You visited 4 branches of the dungeon, and saw 23 of its levels.

You collected 2534 gold pieces.
You spent 1688 gold pieces at shops.

Inventory:

Hand Weapons
 b - a +3 trident of draining
 C - the +9 staff of Olgreb (weapon) {rPois∞}
   (You acquired it on level 8 of the Dungeon)

   Radiate:   It can be activated via the 'a'bility menu to radiate toxic
   energy, with effectiveness depending on Evocations skill.
   Pois:      It enhances your poison magic.
   rPois∞: It grants immunity to poison.
Armour
 h - a +0 pair of gloves (worn)
 k - a +0 kite shield
 t - a +0 helmet (worn)
 I - +0 steam dragon scales (worn)
 T - a +2 robe of cold resistance
 X - a +0 cloak of stealth (worn)
Magical Staves
 a - a staff of earth
Jewellery
 c - an amulet of regeneration (around neck)
 p - a +4 ring of slaying
 r - an amulet of faith
 y - a ring of protection from fire (left hand)
 O - the ring of the Tortoise (right hand) {AC+8}
   (You found it on level 4 of the Lair of Beasts)

   [ring of protection]

   AC+8:      It affects your AC (+8).
 R - a +6 ring of intelligence
Wands
 i - a wand of flame (56)
 x - a wand of quicksilver (28)
 D - a wand of iceblast (13)
 E - a wand of polymorph (12)
 N - a wand of mindburst (7)
Scrolls
 d - 9 scrolls of teleportation
 f - 3 scrolls of poison
 n - 2 scrolls of amnesia
 s - 3 scrolls of enchant armour
 w - 3 scrolls of enchant weapon
 F - a scroll of brand weapon
 G - a scroll of fog
 K - 9 scrolls of identify
 L - 5 scrolls of revelation
 M - 3 scrolls of blinking
 V - 2 scrolls of fear
Potions
 e - 5 potions of brilliance
 g - 2 potions of ambrosia
 j - 4 potions of haste
 l - 3 potions of berserk rage
 m - 4 potions of invisibility
 o - 11 potions of curing
 q - 2 potions of attraction
 v - 2 potions of might
 z - 8 potions of heal wounds
 A - a potion of enlightenment
 B - 2 potions of magic
 P - a potion of cancellation
 W - a potion of lignification
 Z - 2 potions of resistance


   Skills:
 - Level 5.0 Fighting
 + Level 12.6 Dodging
 - Level 2.4 Stealth
 + Level 0.1 Shields
 * Level 22.1 Spellcasting
 * Level 18.7 Conjurations
 - Level 3.0 Hexes
 - Level 3.0 Translocations
 - Level 2.0 Transmutations
 - Level 2.0 Fire Magic
 - Level 5.0 Ice Magic
 - Level 3.0 Air Magic
 * Level 4.4 Earth Magic
 - Level 5.0 Poison Magic


You had 10 spell levels left.
You knew the following spells:

 Your Spells              Type           Power      Damage    Failure   Level
a - Magic Dart            Conj           100%       1d8       0%          1
b - Searing Ray           Conj           100%       2d8       0%          2
c - Swiftness             Air            52%        N/A       1%          3
d - Fulminant Prism       Conj/Hex       40%        3d19      1%          4
e - Iskenderun's Mystic   Conj/Tloc      80%        2d16      1%          4
f - Blink                 Tloc           100%       N/A       1%          2
g - Hailstorm             Conj/Ice       82%        3d17      0%          3
h - Poisonous Vapours     Pois/Air       100%       N/A       1%          2
i - Ignite Poison         Fire/Tmut/Pois 68%        N/A       1%          3
j - Ozocubu's Refrigerat  Ice            30%        4d14      26%         7
k - Iskenderun's Battles  Conj           100%       2d15      0%          5
l - Brom's Barrelling Bo  Conj/Erth      82%        2d9       1%          4
m - Lehudib's Crystal Sp  Conj/Erth      41%        10d10     14%         8

Your spell library contained the following spells:

 Spells                   Type           Power      Damage    Failure   Level
 Spellforged Servitor     Conj/Summ      37%        N/A       4%          7
 Kiss of Death            Conj/Necr      100%       2d13      0%          1
 Shock                    Conj/Air       100%       1d9       0%          1
 Momentum Strike          Conj/Tloc      100%       3d10      0%          2
 Apportation              Tloc           100%       N/A       1%          1
 Necrotise                Necr           100%       1d9       1%          1
 Slow                     Hex            100%       N/A       1%          1
 Summon Small Mammal      Summ           100%       N/A       1%          1
 Ensorcelled Hibernation  Hex/Ice        100%       N/A       1%          2
 Lesser Beckoning         Tloc           100%       N/A       1%          2
 Passwall                 Tmut/Erth      44%        N/A       1%          2
 Wereblood                Tmut           46%        N/A       1%          2
 Confusing Touch          Hex            52%        N/A       1%          3
 Dazzling Flash           Conj/Hex       100%       N/A       1%          3
 Gell's Gravitas          Tloc           52%        N/A       1%          3
 Sigil of Binding         Hex            52%        N/A       1%          3
 Teleport Other           Tloc           52%        N/A       1%          3
 Airstrike                Air            26%        2d(4-20)  1%          4
 Irradiate                Conj/Tmut      39%        3d24      1%          5
 Bombard                  Conj/Erth      41%        9d7       1%          6
 Starburst                Conj/Fire      39%        6d11      1%          6
 Vampiric Draining        Necr           34%        2d8       2%          3
 Summon Ice Beast         Ice/Summ       49%        N/A       3%          4
 Animate Dead             Necr           34%        N/A       10%         4
 Borgnjor's Vile Clutch   Necr/Erth      24%        N/A       11%         5
 Dispersal                Tloc           26%        N/A       38%         6
 Simulacrum               Ice/Necr       24%        N/A       45%         6
 Death Channel            Necr           17%        N/A       82%         6


Dungeon Overview and Level Annotations

Branches:
Dungeon (15/15)            Temple (0/1) D:7            Lair (5/5) D:8
 Shoals (0/4) Lair:3        Snake (0/4) Lair:3        Slime (0/5) Lair:5
    Orc (2/2) D:11            Elf (1/3) Orc:2        Vaults (0/5) D:14
 Depths (0/4) D:15

Altars:
Ashenzari
Cheibriados
Elyvilon
Hepliaklqana
Kikubaaqudgha
Makhleb
Nemelex Xobeh
Qazlal
Ru
Sif Muna
Trog
Uskayaw
Vehumet
Wu Jian
Yredelemnul
Zin
Jiyva

Shops:
D:6 **   D:13 :   Orc:2 !!?!

Annotations:
D:14 exclusion: ice statue
Lair:5 1 runed translucent door


Message History

The ice dragon is moderately wounded.
The ice dragon is knocked back by the mystic blast.
The ice dragon breathes frost at you. The blast of cold hits you!!
Found three items.
You are engulfed in freezing vapours.
The ice dragon is engulfed in freezing vapours.
The ice dragon completely misses you.
The ice dragon claws you but does no damage.
The ice dragon tramples you.
You hold your ground!
Casting: Iskenderun's Mystic Blast (safe; 1% risk of failure)
Confirm with . or Enter, or press ? or * to list all spells.
You erupt in a blast of force!
The mystic blast hits the ice dragon.
The ice dragon is moderately wounded.
The ice dragon is knocked back by the mystic blast.
Casting: Iskenderun's Mystic Blast (safe; 1% risk of failure)
Confirm with . or Enter, or press ? or * to list all spells.
You can't see any susceptible monsters within range! (Use Z to cast anyway.) Unknown command.
Casting: Iskenderun's Mystic Blast (safe; 1% risk of failure)
Confirm with . or Enter, or press ? or * to list all spells.
Aiming: Lehudib's Crystal Spear (quite dangerous; 14% risk of failure)
Press: ? - help, Shift-Dir - straight line, f - ice dragon
Aim: an ice dragon (water, moderately wounded, 86% to hit)
The crystal spear hits the ice dragon!!!
The ice dragon is almost dead.
The ice dragon breathes frost at you. The blast of cold hits you!!
* * * LOW HITPOINT WARNING * * *
Casting: Lehudib's Crystal Spear (quite dangerous; 14% risk of failure)
Confirm with . or Enter, or press ? or * to list all spells.
Aiming: Lehudib's Crystal Spear (quite dangerous; 14% risk of failure)
Press: ? - help, Shift-Dir - straight line, f/p - ice dragon
Aim: an ice dragon (water, almost dead, catching its breath, 86% to hit)
The crystal spear hits the ice dragon!!!
You kill the ice dragon!
Vehumet accepts your kill.
You feel your power returning.
You hear a splash.
You are engulfed in freezing vapours.
You die...

########## ###
###≈≈≈≈####
##≈≈≈≈≈≈≈≈≈## #
#≈≈≈≈≈≈≈≈≈≈≈##
##
##~≈≈≈≈≈≈≈≈≈≈≈#
#≈
#.~≈≈≈≈##≈≈≈≈≈##
##≈
#~≈≈≈≈≈####≈≈≈≈#
#≈≈
#≈≈≈≈≈######≈≈≈#
#≈≈ #≈≈≈≈≈#
#=[@≈≈≈# ##≈≈
##≈≈≈≈###!.~○≈##
#≈≈≈
#≈≈≈≈≈##|~≈≈≈#
##≈≈≈
#≈≈≈≈≈###~≈≈##
#≈≈≈≈
##≈≈≈≈#######
#≈≈≈≈ #≈≈≈≈≈##
##~≈≈≈ ##≈≈≈≈≈##
#.≈≈≈≈ ###≈≈≈≈##
##~~≈≈≈
###≈≈≈###
##≈≈≈≈≈≈


There were no monsters in sight!

Vanquished Creatures
  Rupert (D:13)
  A tengu reaver (D:14)
  The ghost of olddryhag the Fighter, a journeyman DsGl of Wu Jian (Orc:1)
  A stone giant (D:15)
  4 hydras
  An ice dragon (D:14)
  A rakshasa (D:14)
  Erolcha (D:10)
  A catoblepas (D:15)
  Harold (Lair:2)
  4 ogre magi (Orc:2)
  2 boulder beetles
  8 centaur warriors
  8 death yaks
  2 death knights
  14 two-headed ogres
  2 tengu warriors (D:15)
  The ghost of GreenGuy14 the Covert, a journeyman KoBr of Dithmenos (D:10)
  A skyshark (Lair:5)
  6 skeletal warriors (D:13)
  A swamp dragon (shapeshifter) (D:14)
  2 lindwurms (Lair:5)
  4 deep elf pyromancers
  2 orc knights
  3 manticores
  A wolf spider (Lair:5)
  6 ugly things (D:14)
  2 cyclopes
  14 elephants
  2 rust devils (D:10)
  A salamander (Lair:3)
  7 black mambas
  Maggie (Lair:2)
  A guardian serpent (Lair:5)
  2 orange demons (D:10)
  6 torpor snails
  14 cane toads
  An efreet (D:13)
  5 rime drakes
  Jeremiah (D:7)
  3 freezing wraiths
  8 komodo dragons
  3 unseen horrors (D:12)
  8 trolls
  3 tyrant leeches (Lair:5)
  2 hellwings (D:10)
  A wind drake (shapeshifter) (D:13)
  4 polar bears
  10 hornets
  Grinder (D:3)
  5 blink frogs (Lair:4)
  A snapping turtle (Lair:3)
  54 yaks
  17 wyverns
  A shadow (D:10)
  2 wraiths
  3 vampires
  A water elemental (D:14)
  A steam dragon (D:9)
  5 vampire mosquitoes
  2 basilisks
  3 redbacks (Lair:5)
  3 wargs
  2 acid dragons
  21 water moccasins
  16 orc warriors
  A sky beast (D:6)
  12 ice beasts
  A swamp drake (D:8)
  2 black bears
  31 ogres
  4 phantoms
  17 centaurs
  13 bullfrogs
  5 kobold brigands
  3 scorpions
  4 gnoll sergeants
  4 wights (D:9)
  13 killer bees
  7 electric eels
  2 howler monkeys
  3 lava snakes (Lair:3)
  A quasit (D:10)
  12 orc priests
  3 hounds
  3 gnoll boudas
  A jelly (D:6)
  3 sleepcaps
  Terence (D:3)
  4 iguanas
  6 hell rats
  9 orc wizards
  Robin (D:3)
  30 gnolls
  7 adders
  A shadow imp (D:5)
  4 white imps
  A worm (D:5)
  3 dart slugs
  61 orcs
  13 ball pythons
  12 bats
  9 endoplasms
  12 hobgoblins
  27 kobolds
  6 quokkas
  2 frilled lizards
  15 goblins
  5 rats
691 creatures vanquished.

Vanquished Creatures (collateral kills)
  7 boulders
7 creatures vanquished.

Vanquished Creatures (others)
  4 boulders (D:13)
  18 fulminant prisms
22 creatures vanquished.

Grand Total: 720 creatures vanquished

Notes
Turn   | Place    | Note
-------+----------+-------------------------------------------
     0 | D:1      | DocEon the Deep Elf Conjurer began the quest for the Orb.
     0 | D:1      | Reached XP level 1. HP: 10/10 MP: 6/6
   244 | D:1      | Reached XP level 2. HP: 15/15 MP: 2/8
   628 | D:1      | Reached skill level 4 in Spellcasting
  1240 | D:2      | Reached XP level 3. HP: 19/19 MP: 5/10
  1246 | D:2      | Learned a level 2 spell: Searing Ray
  1798 | D:2      | Reached skill level 5 in Conjurations
  1800 | D:2      | Reached skill level 5 in Spellcasting
  2082 | D:3      | Noticed Grinder
  2191 | D:3      | Killed Grinder
  2192 | D:3      | Reached skill level 7 in Spellcasting
  2192 | D:3      | Reached XP level 4. HP: 3/24 MP: 2/15
  2192 | D:3      | Reached XP level 5. HP: 3/28 MP: 2/16
  2296 | D:2      | Learned a level 3 spell: Swiftness
  2301 | D:2      | Learned a level 4 spell: Fulminant Prism
  2306 | D:2      | Learned a level 4 spell: Iskenderun's Mystic Blast
  2580 | D:3      | Noticed Robin
  2584 | D:3      | Reached XP level 6. HP: 30/32 MP: 12/18
  2590 | D:3      | Killed Robin
  2918 | D:3      | Reached skill level 1 in Hexes
  2922 | D:3      | Reached skill level 1 in Translocations
  3329 | D:3      | Found a hazy altar of Hepliaklqana.
  3375 | D:3      | Noticed Terence
  3379 | D:3      | Killed Terence
  3542 | D:3      | Found a bloodstained altar of Trog.
  3939 | D:4      | Reached skill level 8 in Spellcasting
  3939 | D:4      | Reached XP level 7. HP: 36/36 MP: 11/20
  3995 | D:4      | Found a white marble altar of Elyvilon.
  4051 | D:4      | Found a burning altar of Makhleb.
  4175 | D:4      | Noticed a green death
  4184 | D:4      | Found a glowing silver altar of Zin.
  4184 | D:4      | Noticed an angel
  4221 | D:4      | Found a radiant altar of Vehumet.
  4298 | D:4      | Became a worshipper of Vehumet
  4956 | D:5      | Entered Level 5 of the Dungeon
  5168 | D:5      | Learned a level 2 spell: Blink
  5191 | D:5      | Found a snail-covered altar of Cheibriados.
  5415 | D:5      | Reached skill level 9 in Spellcasting
  5556 | D:5      | Reached XP level 8. HP: 12/41 MP: 6/23
  6283 | D:5      | Reached skill level 10 in Spellcasting
  6468 | D:6      | Reached skill level 1 in Fighting
  6584 | D:6      | Reached * piety under Vehumet
  6584 | D:6      | Offered knowledge of Kiss of Death by Vehumet.
  6883 | D:6      | Learned a level 3 spell: Hailstorm
  6904 | D:6      | Found Roticyf's General Store.
  6963 | D:6      | Found Umparioco's Specific Store.
  7130 | D:6      | Found an ancient bone altar of Kikubaaqudgha.
  7153 | D:6      | Reached skill level 1 in Ice Magic
  7259 | D:6      | Found a shimmering blue altar of Sif Muna.
  7283 | D:6      | Reached XP level 9. HP: 20/48 MP: 17/25
  7598 | D:6      | Found a hide-covered altar of Uskayaw.
  7604 | D:6      | Reached skill level 11 in Spellcasting
  7697 | D:6      | Offered knowledge of Poisonous Vapours by Vehumet.
  8292 | D:7      | Noticed Jeremiah
  8299 | D:7      | Killed Jeremiah
  8358 | D:7      | Found a staircase to the Ecumenical Temple.
  8891 | D:7      | Found a sparkling altar of Nemelex Xobeh.
  9046 | D:8      | Reached ** piety under Vehumet
  9224 | D:8      | Reached skill level 5 in Dodging
  9282 | D:8      | Found a stormy altar of Qazlal.
  9323 | D:8      | Identified a scroll of acquirement
  9323 | D:8      | Acquired the +9 staff of Olgreb {rPois∞}
  9323 | D:8      | Found the +9 staff of Olgreb {rPois∞}
  9502 | D:8      | Found a broken altar of Ashenzari.
  9520 | D:8      | Learned a level 2 spell: Poisonous Vapours
  9818 | D:8      | Reached skill level 12 in Spellcasting
  9871 | D:8      | Noticed a komodo dragon
  9879 | D:8      | Killed a komodo dragon
  9927 | D:8      | Reached XP level 10. HP: 29/56 MP: 4/28
 10076 | D:8      | Reached skill level 10 in Conjurations
 10349 | D:8      | Found a staircase to the Lair.
 10395 | Lair:1   | Entered Level 1 of the Lair of Beasts
 10572 | Lair:1   | Reached skill level 13 in Spellcasting
 10752 | Lair:1   | Noticed a death yak
 10765 | Lair:1   | Noticed a death yak
 11106 | Lair:1   | Killed a death yak
 11107 | Lair:1   | Killed a death yak
 11108 | Lair:1   | Reached skill level 5 in Ice Magic
 11212 | Lair:1   | Noticed a cane toad
 11214 | Lair:1   | Noticed a cane toad
 11218 | Lair:1   | Killed a cane toad
 11219 | Lair:1   | Reached skill level 14 in Spellcasting
 11221 | Lair:1   | Killed a cane toad
 11233 | Lair:1   | Noticed a cane toad
 11241 | Lair:1   | Killed a cane toad
 11242 | Lair:1   | Reached XP level 11. HP: 62/62 MP: 0/31
 12556 | Lair:2   | Reached skill level 5 in Fighting
 12665 | Lair:2   | Noticed Harold
 12680 | Lair:2   | Killed Harold
 12682 | Lair:2   | Noticed Maggie
 12830 | Lair:2   | Killed Maggie
 12831 | Lair:2   | Reached skill level 15 in Spellcasting
 12831 | Lair:2   | Reached skill level 1 in Air Magic
 12831 | Lair:2   | Reached skill level 1 in Poison Magic
 13598 | Lair:3   | Noticed a seven-headed hydra
 13623 | Lair:3   | Killed a seven-headed hydra
 13760 | Lair:3   | Offered knowledge of Ignite Poison by Vehumet.
 13841 | Lair:3   | Found a staircase to the Snake Pit.
 14457 | Lair:3   | Reached XP level 12. HP: 60/68 MP: 26/33
 14797 | Lair:3   | Reached skill level 16 in Spellcasting
 14801 | Lair:3   | Learned a level 3 spell: Ignite Poison
 15045 | Lair:3   | Found a staircase to the Shoals.
 15594 | Lair:4   | Reached *** piety under Vehumet
 15595 | Lair:4   | Reached skill level 1 in Transmutations
 15596 | Lair:4   | Reached skill level 1 in Fire Magic
 15859 | Lair:4   | Offered knowledge of Olgreb's Toxic Radiance by Vehumet.
 16363 | Lair:4   | You fall into a shaft and drop 1 floor!
 16363 | Lair:5   | Entered Level 5 of the Lair of Beasts
 16367 | Lair:5   | Reached skill level 17 in Spellcasting
 16536 | Lair:5   | Reached **** piety under Vehumet
 16689 | Lair:5   | Offered knowledge of Yara's Violent Unravelling by Vehumet.
 16757 | Lair:5   | Reached skill level 5 in Poison Magic
 16803 | Lair:5   | Reached XP level 13. HP: 72/72 MP: 9/36
 17448 | Lair:5   | Reached skill level 18 in Spellcasting
 17648 | Lair:5   | Identified the +1 sling of Context {speed, Str+2 Dex+3}
 17710 | Lair:5   | Found a runed translucent door.
 17732 | Lair:5   | Reached skill level 15 in Conjurations
 17883 | Lair:5   | Reached ***** piety under Vehumet
 17913 | Lair:5   | Offered knowledge of Sticky Flame by Vehumet.
 18205 | Lair:4   | Found the ring of the Tortoise {AC+8}
 18648 | Lair:5   | Noticed Sonja
 18651 | Lair:5   | Sonja changed into Sonja the acid dragon
 18651 | Lair:5   | Noticed Sonja
 18653 | Lair:5   | Killed Sonja the acid dragon
 18747 | Lair:5   | Found a staircase to the Slime Pits.
 18845 | Lair:5   | Found a viscous altar of Jiyva.
 19119 | Lair:5   | Reached skill level 19 in Spellcasting
 20154 | D:9      | Reached skill level 10 in Dodging
 20272 | D:9      | Found an ornate altar of the Wu Jian Council.
 20818 | D:9      | Offered knowledge of Plasma Beam by Vehumet.
 21051 | D:10     | Entered Level 10 of the Dungeon
 21052 | D:10     | Found a basalt altar of Yredelemnul.
 21142 | D:10     | Noticed Erolcha
 21146 | D:10     | Killed Erolcha
 21147 | D:10     | Reached XP level 14. HP: 57/78 MP: 28/39
 21527 | D:10     | Found a sacrificial altar of Ru.
 21889 | D:10     | Found a runed translucent door.
 21893 | D:10     | Noticed GreenGuy14's ghost (journeyman KoBr)
 22007 | D:10     | Killed GreenGuy14's ghost
 22096 | D:11     | Found a staircase to the Orcish Mines.
 22757 | Orc:1    | Entered Level 1 of the Orcish Mines
 22883 | Orc:1    | Found a transporter.
 22891 | Orc:1    | Noticed olddryhag's ghost (journeyman DsGl)
 22898 | Orc:1    | Found a transporter.
 23678 | Orc:1    | Killed olddryhag's ghost
 23679 | Orc:1    | Reached skill level 20 in Spellcasting
 23776 | Orc:1    | Identified the +0 rapier of Uruwaro {vamp, rPois Str+4 SInv
                  | Stlth-}
 23848 | Orc:2    | Entered Level 2 of the Orcish Mines
 24194 | Orc:2    | Found a staircase to the Elven Halls.
 24384 | Orc:2    | Offered knowledge of Ozocubu's Refrigeration by Vehumet.
 24935 | Orc:2    | Found Veceywk's Magic Scroll Boutique.
 24935 | Orc:2    | Found Koigatow's Distillery.
 24936 | Orc:2    | Found Qibleu's Distillery.
 24936 | Orc:2    | Found Qoarorua's Distillery.
 25046 | Orc:2    | Bought a scroll of teleportation for 36 gold pieces
 25046 | Orc:2    | Bought a scroll of identify for 24 gold pieces
 25046 | Orc:2    | Bought a scroll of poison for 48 gold pieces
 25068 | Elf:1    | Entered Level 1 of the Elven Halls
 25095 | Orc:2    | Bought a potion of heal wounds for 80 gold pieces
 25095 | Orc:2    | Bought a potion of invisibility for 128 gold pieces
 25096 | Orc:2    | Bought a potion of heal wounds for 70 gold pieces
 25096 | Orc:2    | Bought a potion of haste for 140 gold pieces
 25097 | Orc:2    | Bought 2 potions of heal wounds for 150 gold pieces
 25500 | D:12     | Reached skill level 21 in Spellcasting
 25562 | D:12     | Learned a level 7 spell: Ozocubu's Refrigeration
 26250 | D:12     | Reached XP level 15. HP: 68/82 MP: 31/42
 26700 | D:13     | Found Doull's Tremendous Tomes.
 26712 | D:13     | Bought Lehudib's Lectures on Damage for 1012 gold pieces
 26718 | D:13     | Learned a level 5 spell: Iskenderun's Battlesphere
 26723 | D:13     | Learned a level 4 spell: Brom's Barrelling Boulder
 26732 | D:13     | Learned a level 8 spell: Lehudib's Crystal Spear
 26885 | D:13     | Reached skill level 1 in Earth Magic
 27631 | D:13     | Noticed Rupert
 27638 | D:13     | Killed Rupert
 27819 | D:14     | Offered knowledge of Spellforged Servitor by Vehumet.
 28099 | D:14     | Found a glowing silver altar of Zin.
 28273 | D:14     | Noticed a tengu reaver
 29004 | D:14     | Found a gate to the Vaults.
 29184 | D:14     | Killed a tengu reaver
 29369 | D:15     | Entered Level 15 of the Dungeon
 29584 | D:15     | Reached skill level 22 in Spellcasting
 29907 | D:15     | Found a staircase to the Depths.
 31055 | D:14     | Found the ring of the Mage {Wiz Archmagi}
 31059 | D:14     | Engulfed by a cloud of freezing vapour

Illustrated notes

Levels and vault maps discovered:
D:1:      tarquinn_simple_flora_water_e, layout_basic
D:2:      layout_basic
D:3:      layout_basic, lightli_temple_of_fire,
          worldfamousw_hep_ancestral_shrine, chequers_serial_rivers_room_b,
          uniq_terence, uniq_robin, uniq_grinder
D:4:      layout_basic, grunt_temple_overflow_order_and_chaos_2,
          vehumet_altar_wand_db, elyvilon_altar_5, st_stairs_5,
          serial_bayou_crossing
D:5:      layout_loops_ring, mainiacjoe_overflow_catwalk, minmay_misc_feat_room
D:6:      layout_cave_pools, lemuel_doored_altar, nicolae_sif_muna_condensation,
          nicolae_uskayaw_dance_studio, nicolae_specific_store
D:7:      layout_loops_ring, lemuel_coloured_pillars_altar, temple_hall,
          uniq_jeremiah, uniq_crazy_yiuf_cottage
D:8:      layout_cave_pools, mainiacjoe_overflow_24_doors, lemuel_crystal_altar,
          erik_lair_dragon
D:9:      layout_gridville, kennysheep_little_box, grunt_decor_clamped,
          minmay_gold_behind_fungi, kennysheep_generic_room_11
D:10:     layout_roguey, yredelemnul_altar_generic, lemuel_round_altar,
          ebering_ghost_inner_flame, serial_demonic, serial_demonic_e,
          serial_demonic_b, serial_demonic_d, serial_demonic_g, uniq_erolcha
D:11:     layout_rooms, kennysheep_orc_monster_closet_entryway
D:12:     layout_roguey, hangedman_batty
D:13:     layout_loops_ring, special_room [special_room_orc],
          nicolae_shop_i_like_big_books, uniq_rupert
D:14:     minmay_twisted_water, layout_stronghold,
          hellmonk_vaults_attempted_burglary, serial_glass, glass_columns_a,
          glass_columns_b, glass_columns_b, glass_columns_a, glass_columns_b,
          glass_columns_a, glass_columns_b, glass_columns_a, glass_columns_a,
          glass_columns_c, glass_columns_a, glass_columns_a, glass_columns_a,
          glass_columns_a, statue_in_the_mist_lemuel, zin_statuary
D:15:     grunt_enter_depths_snipers, layout_gridville, nicolae_wwwww
Lair:1:   layout_small_grid, minivault_24
Lair:2:   layout_long_grid, uniq_maggie, uniq_harold
Lair:3:   layout_misc_corridors, minmay_shoals_entry_hut,
          nicolae_snake_entry_warm_welcome, serial_bayou_shore_a,
          grunt_megastairs_1, lemuel_fruit_tree
Lair:4:   layout_long_grid, grunt_megastairs_4
Lair:5:   wormcave, layout_regular_city, hangedman_lair_tendril_chambers,
          slime_entry_1, st_stairs_3, wad_woods_road_01, uniq_sonja
Orc:1:    layout_caves, basic_altar, gammafunk_ghost_arena
Orc:2:    st_orc_ogre_mass, layout_diamond_mine, basic_altar
Elf:1:    eino_elf_arrival_sip, layout_loops_ring,
          hangedman_elven_crosses_minicolossus

Skill      XL: |  1  2  3  4  5  6  7  8  9 10 11 12 13 14 15 |
---------------+----------------------------------------------+-----
Spellcasting   | 4 7 8 9 10 12 14 15 17 19 21 22 | 22.1
Conjurations   | 5 6 8 9 11 12 14 16 17 18 | 18.7
Hexes          | 2 3 |  3.0
Translocations | 2 3 |  3.0
Dodging        | 4 5 6 8 10 11 12 | 12.6
Fighting       | 1 3 4 5 |  5.0
Ice Magic      | 1 3 5 |  5.0
Air Magic      | 2 3 |  3.0
Poison Magic   | 3 5 |  5.0
Transmutations | 2 |  2.0
Fire Magic     | 2 |  2.0
Earth Magic    | 4 |  4.4
Stealth        | |  2.4
Shields        | |  0.1

Action                     |  1- 3 |  4- 6 |  7- 9 | 10-12 | 13-15 || total
---------------------------+-------+-------+-------+-------+-------++-------
  Melee: Unarmed           |       |     1 |       |       |       ||     1
         Staff             |       |       |     6 |    11 |     7 ||    24
   Cast: Magic Dart        |    96 |    71 |   210 |   123 |   150 ||   650
         Searing Ray       |     2 |     7 |    28 |     6 |     4 ||    47
         Iskenderun's Myst |       |       |    31 |   125 |   159 ||   315
         Hailstorm         |       |       |    10 |    53 |    58 ||   121
         Fulminant Prism   |       |       |     1 |    17 |       ||    18
         Poisonous Vapours |       |       |       |    45 |   217 ||   262
         Blink             |       |       |       |     2 |     2 ||     4
         Ignite Poison     |       |       |       |    19 |   156 ||   175
         Brom's Barrelling |       |       |       |       |    11 ||    11
         Iskenderun's Batt |       |       |       |       |     9 ||     9
         Lehudib's Crystal |       |       |       |       |     4 ||     4
Ability: Evoke the Staff o |       |       |     8 |    21 |    56 ||    85
  Evoke: Wand              |       |       |       |       |     3 ||     3
    Use: Scroll            |       |    11 |    11 |     2 |     9 ||    33
         Potion            |       |       |       |       |     5 ||     5
 Armour: Robe              |     1 |    22 |    70 |    15 |       ||   108
         Steam dragon scal |       |       |       |    42 |   137 ||   179
  Dodge: Dodged            |     3 |    13 |    53 |    61 |   121 ||   251

Table legend: (Time is in decaauts)
 A = Elapsed time spent in this place.
 B = Non-inter-level travel time spent in this place.
 C = Inter-level travel time spent in this place.
 D = Time resting spent in this place.
 E = Time spent auto-exploring this place.
 F = Levels seen in this place.
 G = Mean time per level.
                   A        B        C        D        E       F      G
               +--------+--------+--------+--------+--------+-----+--------+
         Total |  31179 |  29570 |   1609 |   8955 |  16831 |  23 | 1355.6 |
       Dungeon |  19298 |  18159 |   1139 |   4699 |  11309 |  15 | 1286.5 |
          Lair |   9158 |   8874 |    284 |   3527 |   4113 |   5 | 1831.6 |
  Orcish Mines |   2721 |   2535 |    186 |    729 |   1408 |   2 | 1360.5 |
   Elven Halls |      1 |      1 |      0 |      0 |      0 |   1 |    1.0 |
               +--------+--------+--------+--------+--------+-----+--------+

Top non-repeatable levels by time:
  Lair:5: 2822 daAuts
  Lair:3: 2245 daAuts
    D:14: 1873 daAuts
     D:8: 1860 daAuts
     D:5: 1605 daAuts
   Orc:2: 1571 daAuts
  Lair:1: 1529 daAuts
  Lair:2: 1433 daAuts
    D:13: 1408 daAuts
     D:6: 1380 daAuts
     D:4: 1321 daAuts
     D:3: 1275 daAuts
     D:1: 1235 daAuts
     D:7: 1198 daAuts
   Orc:1: 1150 daAuts
